AoeStats
← orhk9138

African Clearing

507005887Analyzed
4v4 RM · 17d ago on Sep 16, 2026· 48m 59s· 8 players
Game mode
Random Map
Map size
Large (8 player)
Population
200
Speed
Normal
Resources
Standard
Victory
Conquest
Starting age
Dark Age
Ending age
Imperial Age
RankedLock teamsTeams togetherTeam positionsShared explorationLock speedFull tech treeHidden civsTurbo modeCheats
Victory
Defeat
🇲🇽 Mongols · Mexico
1702
+13
🇲🇽 Berbers · Mexico
1667
+14
🇨🇳 Koreans · China
1638
+15
🇲🇽 Lithuanians · Mexico
1600
+17
🇨🇳 Georgians · China
1730
-19
🇺🇸 Japanese · United States
1704
-18
🇺🇸 Magyars · United States
1553
-12
🇺🇸 Koreans · United States
1504
-10
cAOs
3:52 Loom
10:39 Feudal Age
14:13 Fletching
25:43 Castle Age
24:39 Double-Bit Axe
24:37 Horse Collar
26:04 Crossbowman
26:59 Bodkin Arrow
28:56 Bow Saw
32:19 Wheelbarrow
33:30 Heavy Plow
35:18 Hand Cart
38:11 Imperial Age
35:48 Stone Mining
35:51 Gold Mining
36:43 Padded Archer Armor
37:20 Thumb Ring
37:05 Town Watch
38:15 Gold Shaft Mining
37:42 Husbandry
37:53 Bloodlines
38:21 Stone Shaft Mining
38:21 Ballistics
39:51 Conscription
39:27 Elite Mangudai
41:23 Chemistry
40:29 Bracer
41:41 Leather Archer Armor
41:55 Parthian Tactics
42:43 Capped Ram
44:10 Drill
43:57 Siege Engineers
43:51 Siege Ram
eL|Hooligan
9:44 Loom
16:00 Feudal Age
20:14 Town Watch
20:33 Fletching
22:52 Castle Age
21:01 Fletching
26:18 Double-Bit Axe
33:21 Horse Collar
34:19 Bodkin Arrow
35:36 Ballistics
35:37 Padded Archer Armor
40:05 Wheelbarrow
43:51 Imperial Age
41:39 Herbal Medicine
42:15 Leather Archer Armor
41:56 Murder Holes
41:50 Treadmill Crane
42:16 Husbandry
43:16 Kasbah
43:56 Bloodlines
44:53 Conscription
44:34 Maghrebi Camels
44:44 Bracer
45:48 Chemistry
44:43 Gold Mining
44:44 Stone Mining
45:05 Bow Saw
44:56 Heavy Plow
45:29 Hand Cart
46:17 Elite Camel Archer
47:55 Ring Archer Armor
48:09 Siege Engineers
48:15 Masonry
49:55 Gold Shaft Mining
49:56 Stone Shaft Mining
orhk9138
12:58 Feudal Age
13:41 Loom
16:43 Castle Age
15:01 Double-Bit Axe
17:54 Gold Mining
20:06 Horse Collar
20:47 Fletching
23:38 Bodkin Arrow
28:41 Town Watch
30:44 Wheelbarrow
33:25 Gold Mining
36:53 Imperial Age
35:55 Gold Shaft Mining
35:32 Bow Saw
35:28 Stone Mining
35:54 Heavy Plow
37:07 Hand Cart
37:31 Stone Shaft Mining
37:51 Bracer
39:19 Ballistics
40:00 Chemistry
39:12 Masonry
39:42 Murder Holes
40:56 Town Patrol
41:21 Eupseong
46:33 Guilds
DoN.Vergas
9:22 Loom
11:32 Feudal Age
12:04 Double-Bit Axe
21:36 Castle Age
19:53 Horse Collar
20:05 Gold Mining
22:33 Bow Saw
22:38 Heavy Plow
25:33 Wheelbarrow
26:42 Hand Cart
28:28 Town Watch
30:56 Stone Mining
36:52 Imperial Age
35:59 Bloodlines
35:49 Husbandry
36:28 Scale Barding Armor
36:34 Forging
37:49 Chain Barding Armor
38:06 Iron Casting
36:53 Cavalier
38:36 Two-Man Saw
38:07 Crop Rotation
39:06 Plate Barding Armor
38:46 Paladin
42:40 Guilds
45:08 Stone Shaft Mining
45:18 Coinage
46:50 Conscription
47:06 Hoardings
BomBomB0
9:38 Loom
11:50 Feudal Age
18:42 Fletching
21:57 Town Watch
倉木華
12:47 Feudal Age
13:16 Loom
18:40 Castle Age
16:49 Double-Bit Axe
23:10 Town Watch
24:52 Fletching
KaLong
4:41 Loom
12:10 Feudal Age
19:52 Scale Barding Armor
tim.13
11:13 Loom
13:30 Feudal Age
17:32 Castle Age
15:36 Double-Bit Axe
17:44 Wheelbarrow
17:13 Horse Collar
19:11 Bow Saw
26:42 Stone Mining
27:35 Fletching
28:12 Bodkin Arrow
29:17 Stone Shaft Mining
29:45 Svan Towers
30:34 Ballistics
33:52 Imperial Age
31:09 Town Watch
31:43 Hand Cart
31:53 Padded Archer Armor
31:48 Elite Skirmisher
34:39 Bracer
35:47 Chemistry
34:35 Arrowslits
35:29 Leather Archer Armor
35:37 Conscription
35:04 Pikeman
35:45 Squires
35:30 Gambesons
35:31 Arson
35:47 Scale Mail Armor
35:58 Forging
36:43 Guard Tower
38:31 Murder Holes
38:17 Treadmill Crane
40:42 Keep
40:57 Scale Barding Armor
41:27 Iron Casting
45:27 Masonry
45:00 Treadmill Crane
47:28 Halberdier
Connection lost

Rejoining the realm…

Still unreachable

The connection could not be restored.

Session expired

The server has moved on; the page needs a fresh start.